 Dungeon Crawl Stone Soup version 0.26.1-10-gdfb7c7de75 (webtiles) character file.

Game seed: 14672171201966567416

66 Phaedo the Sneak (level 4, 0/46 HPs)
             Began as an Octopode Delver on Apr 6, 2021.
             Succumbed to a worker ant's poison
             ... on level 5 of the Dungeon.
             The game lasted 00:02:46 (687 turns).

Phaedo the Sneak (Octopode Delver)                   Turns: 687, Time: 00:02:47

Health: 0/46       AC: 22    Str: 11    XL:     4   Next: 15%
Magic:  4/4        EV:  2    Int: 13    God:
Gold:   16         SH:  0    Dex: 13    Spells: 3/3 levels left

rFire    . . .     SeeInvis .   a - +0 spear
rCold    . . .     Faith    .   (no shield)
rNeg     + + +     Spirit   .   (helmet currently unavailable)
rPois    +         Reflect  .   (no amulet)
rElec    .         Harm     .   (no ring)
rCorr    .         Rampage  .   (no ring)
Will     .....     NoTele   +   (no ring)
Stlth    +++.......             (no ring)
HPRegen  0.15/turn              (no ring)
MPRegen  0.09/turn              (no ring)
                                (no ring)
                                (no ring)

@: lethally poisoned (0 -> -4), tree-form, hasted, very quick
A: almost no armour, stealthy swim, (amphibious), 8 rings, (constrict 8)
a: no special abilities


You were on level 5 of the Dungeon.
You were a tree.
You visited 1 branch of the dungeon, and saw 1 of its levels.

You collected 16 gold pieces.

Inventory:

Hand Weapons
 a - a +0 spear (weapon)
Missiles
 h - 32 stones (quivered)
Jewellery
 i - an uncursed ring of positive energy {unknown}
Wands
 f - a wand of digging (3)
Scrolls
 b - a scroll of fog
 c - a scroll of magic mapping
 d - a scroll of fear
 j - a scroll of random uselessness {unknown}


   Skills:
 - Level 3.0 Fighting
 + Level 2.9 Polearms
 + Level 2.9 Dodging
 + Level 7.3 Stealth


You had 3 spell levels left.
You didn't know any spells.
Your spell library was empty.

Dungeon Overview and Level Annotations

Branches:
Dungeon (5/15)
 Temple: D:4-7

Altars:
Cheibriados
Gozag
Sif Muna

Annotations:
D:5 exclusion: phantom


Innate Abilities, Weirdness & Mutations

You cannot wear most types of armour.
You are very stealthy in the water. (Stealth+)
((You are amphibious.))
You can wear up to eight rings at the same time.
((You can use your tentacles to constrict eight enemies at once.))
((Your skin changes colour to match your surroundings (Stealth+).))
((Your rubbery body absorbs attacks. (AC +1, EV +1)))


Message History

* * * LOW HITPOINT WARNING * * *
You feel sick.
There is a lethal amount of poison in your body!
Unknown command.
There is a lethal amount of poison in your body!
* * * LOW HITPOINT WARNING * * *
You feel sick.
* * * LOW HITPOINT WARNING * * *
You feel sick.
* * * LOW HITPOINT WARNING * * *
You feel sick.
* * * LOW HITPOINT WARNING * * *
You feel sick.
* * * LOW HITPOINT WARNING * * *
You feel sick.
* * * LOW HITPOINT WARNING * * *
You feel sick.
* * * LOW HITPOINT WARNING * * *
You feel sick.
You die...

# #..# _ #.# ####.#
#####..# #.# #.#
#.# ††.....### ##.
.##.# #.#
####.....# #..
..#.# #####.# #
#.###.###.# #.#.#
#.....# # #.#
#..##.###.###
#.##### # #.#
##.##.#_...## #.# #
#.# #.'..#..†._#
#.# # #.#
####.#_.♣.# #.# #.#
#.###.### #.#
#.###.#.###.#######
#..#..#.†.........#
##...######.#####.#
##.## #.# #.# #_#
#.# #.# ### #.# #.#
########.# #.#


There were no monsters in sight!

Vanquished Creatures
  A bullfrog zombie (D:5)
  A worker ant (D:5)
  2 orcs (D:5)
  4 jackals (D:5)
8 creatures vanquished.

Notes
Turn   | Place    | Note
-------+----------+-------------------------------------------
     0 | D:5      | Phaedo the Octopode Delver began the quest for the Orb.
     0 | D:5      | Reached XP level 1. HP: 16/16 MP: 1/1
   106 | D:5      | Reached skill level 7 in Stealth
   106 | D:5      | Reached XP level 2. HP: 6/21 MP: 2/2
   106 | D:5      | Reached XP level 3. HP: 8/26 MP: 3/3
   441 | D:5      | Noticed a phantom
   647 | D:5      | Found an opulent altar of Gozag.
   647 | D:5      | Found a faded altar of an unknown god.
   654 | D:5      | Found a faded altar of an unknown god.
   656 | D:5      | Found a snail-covered altar of Cheibriados.
   657 | D:5      | Found a shimmering blue altar of Sif Muna.
   673 | D:5      | Reached XP level 4. HP: 5/31 MP: 4/4
   683 | D:5      | HP: 2/46 [poisoned by a worker ant]
   687 | D:5      | Succumbed to a worker ant's poison

Illustrated notes

Levels and vault maps discovered:
D:5:      layout_loops_ring, old_standard_altar,
          chequers_temple_overflow_minitemple

Skill      XL: |  1 |
---------------+----+-----
Stealth        | 7 |  7.3
Fighting       | |  3.0
Polearms       | |  2.9
Dodging        | |  2.9

Action                   |  1- 3 |  4- 6 || total
-------------------------+-------+-------++-------
Melee: Spear             |    32 |       ||    32
       Tentacles         |     7 |       ||     7
       Constrict         |     4 |       ||     4
Throw: Stone             |    11 |       ||    11
  Use: Potion            |     1 |     1 ||     2
 Stab: Sleeping          |     1 |       ||     1
Dodge: Dodged            |     8 |       ||     8
